Map: Port Aleksander LE

Players

Rasmus - Winner!

  • Race: Terran Terran
  • Spawn Location: 5:00

Yocto

  • Race: Zerg Zerg
  • Spawn Location: 11:00

VOD

Have the link to the VOD?

Description

Time

  • Played on: Dec. 11, 2018, 10:17 a.m.
  • Length: 5:40
Show
View Real Time Build Order
Export as new Build Order

Rasmus Terran - Winner!

Build Orders:  

Get SALT Encoding   

  12  0:21  Supply Depot  
  12  0:34  Refinery  
  12  0:36  SCV  
  13  0:50  Barracks  
  13  0:55  SCV  
  14  1:08  SCV  
  15  1:20  SCV  
  16  1:31  Barracks  
  16  1:35  SCV  
  17  1:41  Marine  
  18  1:47  SCV  
  19  1:55  Bunker  
  19  1:59  Marine  
  20  2:03  Refinery  
  20  2:17  Marine  
  20  2:18  SCV  
  22  2:30  SCV  
  23  2:43  Supply Depot, Engineering Bay  
  23  3:05  Marine, SCV  
  25  3:07  Supply Depot  
  25  3:17  SCV  
  26  3:29  SCV  
  27  3:37  Barracks Reactor  
  27  3:41  SCV  
  28  3:53  SCV  
  29  3:58  Barracks Tech Lab  
  29  4:13  Missile Turret  
  28  4:18  Marine  
  29  4:25  Marine x2  
  31  4:35  Marine  
  32  4:40  Supply Depot  
  32  4:42  Marine  
  32  4:43  Marine  
  34  4:49  Factory  
  34  4:53  Marine  
  33  5:11  Marine  
Show
View Real Time Build Order
Export as new Build Order

Yocto Zerg 

Build Orders: Hatch First, Zergling Baneling 

Get SALT Encoding   

  12  0:02  Drone  
  13  0:12  Overlord  
  13  0:18  Drone  
  14  0:34  Drone x2  
  16  0:39  Drone  
  17  1:01  Hatchery  
  16  1:04  Drone  
  16  1:06  Drone  
  16  1:09  Extractor  
  17  1:23  Spawning Pool  
  16  1:27  Drone  
  16  1:30  Drone  
  18  1:36  Drone  
  19  1:49  Overlord  
  19  1:58  Drone  
  20  2:18  Queen  
  20  2:19  Queen  
  20  2:20  Metabolic Boost  
  24  2:29  Zergling x2  
  26  2:30  Zergling x2  
  26  2:32  Drone x2  
  28  2:37  Drone x2  
  30  2:46  Drone x2  
  32  2:58  Queen  
  32  3:02  Queen  
  36  3:08  Overlord  
  36  3:16  Baneling Nest  
  36  3:19  Zergling x2  
  36  3:21  Overlord  
  36  3:28  Zergling x2  
  36  3:29  Zergling x6  
  40  3:35  Overlord  
  40  3:41  Zergling x6  
  43  3:55  Spore Crawler  
  43  3:58  Spore Crawler  
  43  3:59  Zergling x8  
  45  4:05  Zergling x4  
  45  4:13  Zergling x2  
  45  4:15  Zergling x2  
  46  4:23  Zergling x8  
  50  4:32  Zergling x8  
  54  4:46  Baneling  
  54  4:47  Baneling x12  
  54  5:05  Zergling x4  
  54  5:06  Zergling x8  
  60  5:10  Overlord  
  60  5:20  Overlord x2  
Tags
 
Matchup
TvZ
Replay Pack
Yocto
Spawn Locations
Cross Positions
Add a new tag
Caveats
  • Supply blocks, unpowered buildings, or Contaminate may cause inaccurate times.
  • Supply counts are checked every 10 seconds.